 Dungeon Crawl Stone Soup version 0.29-a0-529-gfa20dd96a1 (webtiles) character file.

Game seed: 1081950263362829198

99 ultragoat the Covered (level 5, -1/33 (46) HPs)
             Began as a Meteoran Fighter on June 2, 2022.
             Frozen to death by an endoplasm (2 damage)
             ... on level 4 of the Dungeon.
             The game lasted 00:08:16 (1905 turns).

ultragoat the Covered (Meteoran Fighter)            Turns: 1905, Time: 00:08:17

HP:   -1/33 (46)    AC:  8    Str: 19    XL:     5   Next: 23%
MP:   6/6           EV:  8    Int: 10    God:
Gold: 79            SH:  9    Dex: 13    Spells: 4/4 levels left

rFire   . . .      SeeInvis .   a - +0 long sword
rCold   . . .      Faith    .   e - +0 kite shield
rNeg    . . .      Spirit   .   b - +0 scale mail
rPois   .          Reflect  .   (no helmet)
rElec   .          Harm     .   h - +0 cloak
rCorr   .          Rampage  .   (no gloves)
Will    .....      Rage     1%  (no boots)
Stlth   ..........              (no amulet)
HPRegen 0.11/turn               (no ring)
MPRegen 0.10/turn               (no ring)

@: glowing, very heavily drained
A: sense surroundings 1, otherworldly, glowing, explore regen, berserk 1,
deterioration 1, MP-powered wands
a: no special abilities


You were on level 4 of the Dungeon.
You visited 1 branch of the dungeon, and saw 4 of its levels.

You collected 79 gold pieces.

Inventory:

Hand Weapons
 a - a +0 long sword (weapon)
Armour
 b - a +0 scale mail (worn)
 e - a +0 kite shield (worn)
 h - a +0 cloak (worn)
Scrolls
 f - a scroll of enchant weapon {unknown}
 g - 3 scrolls of teleportation {unknown}
 i - a scroll of fog {unknown}
 k - a scroll of vulnerability {unknown}
Potions
 c - a potion of resistance {unknown}
 d - a potion of might
 j - a potion of flight {unknown}
 l - 2 potions of curing {unknown}
 m - 2 potions of heal wounds {unknown}


   Skills:
 + Level 4.0 Fighting
 + Level 3.7 Long Blades
 + Level 4.5 Armour
 * Level 1.0 Dodging
 + Level 4.1 Shields


You had 4 spell levels left.
You didn't know any spells.
Your spell library contained the following spells:

 Spells                   Type           Power      Damage    Failure   Level
 Necrotize                Necr           0%         1d4       97%         1
 Sandblast                Erth           0%         2d4       97%         1
 Passwall                 Tmut/Erth      0%         N/A       99%         2
 Stone Arrow              Conj/Erth      0%         3d7       100%        3
 Vampiric Draining        Necr           0%         2d6       100%        3
 Agony                    Necr           0%         N/A       100%        5


Dungeon Overview and Level Annotations

Branches:
Dungeon (4/15)
 Temple: D:4-7

Altars:
Kikubaaqudgha


Innate Abilities, Weirdness & Mutations

You passively map a small area around you.
You are easily found by Zot.
You glow in the dark.
You regain HP and MP as you explore.
You tend to lose your temper in combat.
Your body sometimes deteriorates upon taking damage.
You expend magic power (3 MP) to strengthen your wands.


Message History

You closely miss the adder.
The adder is moderately wounded.
You feel sick. You block the adder's attack. You block the endoplasm's attack.
The adder bites you but does no damage.
You closely miss the adder.
The adder is moderately wounded.
You feel sick. The adder bites you but does no damage.
The endoplasm freezes you.
You are frozen.
* * * LOW HITPOINT WARNING * * *
The adder barely misses you. You block the endoplasm's attack.
You closely miss the adder.
The adder is moderately wounded.
You feel sick. The adder closely misses you. The endoplasm freezes you.
You are frozen.
* * * LOW HITPOINT WARNING * * *
You block the adder's attack.
You hit the adder but do no damage.
The adder is moderately wounded.
You feel sick.
You are no longer poisoned.
You block the adder's attack. The endoplasm barely misses you.
You block the adder's attack. The endoplasm freezes you.
You are frozen.
* * * LOW HITPOINT WARNING * * *
You barely miss the adder.
The adder is moderately wounded.
You block the adder's attack. You block the endoplasm's attack.
You closely miss the adder.
The adder is moderately wounded.
The adder closely misses you. You block the endoplasm's attack.
The adder bites you but does no damage.
You closely miss the adder.
The adder is moderately wounded.
The adder completely misses you. The endoplasm freezes you.
You are frozen.
You die...

, , * * * , ,
#### , ,,
<.... * *
...#* , *
....#
#########....#
#....S@.....#
#....J......#
* **
#.....<.....#
,#...........#
**,,
#...........#
** ,
,#...........#
,
#############
, ** * , , * *


You could see an adder and an endoplasm.

Vanquished Creatures
  4 adders
  A dart slug (D:1)
  3 ball pythons (D:1)
  6 endoplasms
  16 giant cockroaches
  2 goblins
  4 hobgoblins (D:1)
  4 bats
  2 frilled lizards (D:1)
  4 kobolds
  10 rats
56 creatures vanquished.

Notes
Turn   | Place    | Note
-------+----------+-------------------------------------------
     0 | D:1      | ultragoat the Meteoran Fighter began the quest for the Orb.
     0 | D:1      | Reached XP level 1. HP: 19/19 MP: 2/2
    30 | D:1      | Reached XP level 2. HP: 19/26 MP: 3/3
    90 | D:1      | Gained mutation: You have hidden genetic defects. [potion
                  | of mutation]
    90 | D:1      | Gained mutation: You expend magic power (3 MP) to
                  | strengthen your wands. [potion of mutation]
   155 | D:1      | Gained mutation: You tend to lose your temper in combat.
                  | [hidden defects]
   187 | D:1      | Reached XP level 3. HP: 28/31 MP: 4/4
   194 | D:1      | Gained mutation: Your body sometimes deteriorates upon
                  | taking damage. [hidden defects]
   194 | D:1      | Lost mutation: You have hidden genetic defects. [hidden
                  | defects expressed]
   456 | D:1      | Glimpsed the power of Zot.
   536 | D:2      | Reached XP level 4. HP: 34/40 MP: 5/5
   761 | D:2      | Found an ancient bone altar of Kikubaaqudgha.
  1034 | D:2      | Glimpsed the power of Zot.
  1078 | D:2      | Glimpsed the power of Zot.
  1116 | D:2      | Glimpsed the power of Zot.
  1125 | D:2      | Glimpsed the power of Zot.
  1126 | D:2      | Touched by the power of Zot.
  1187 | D:3      | Reached XP level 5. HP: 5/32 MP: 6/6
  1618 | D:3      | Reached skill level 1 in Dodging
  1804 | D:3      | Glimpsed the power of Zot.
  1854 | D:3      | Glimpsed the power of Zot.
  1902 | D:4      | HP: 1/33 [frozen (1)]
  1905 | D:4      | Frozen to death by an endoplasm

Illustrated notes

Levels and vault maps discovered:
D:1:      lemuel_arrival_lava_pool, layout_rooms
D:2:      layout_loops_ring, basic_altar, uniq_crazy_yiuf_cottage
D:3:      minmay_roachtagon, layout_basic
D:4:      layout_basic, gup_sewer_entry_spiral, serial_bayou_crossing

Skill      XL: |  1  2  3  4  5 |
---------------+----------------+-----
Armour         | 4 |  4.5
Long Blades    | 3 |  3.7
Shields        | 4 |  4.1
Fighting       | 4 |  4.0
Dodging        | 1 |  1.0

Action                   |  1- 3 |  4- 6 || total
-------------------------+-------+-------++-------
Melee: Long sword        |    70 |   130 ||   200
  Use: Potion            |     1 |       ||     1
Armor: Scale mail        |    62 |   129 ||   191
Dodge: Dodged            |    28 |    55 ||    83
Block: Buckler           |    12 |       ||    12
       Kite shield       |    14 |   112 ||   126

Table legend: (Time is in decaauts)
 A = Elapsed time spent in this place.
 B = Non-inter-level travel time spent in this place.
 C = Inter-level travel time spent in this place.
 D = Time resting spent in this place.
 E = Time spent auto-exploring this place.
 F = Levels seen in this place.
 G = Mean time per level.
                   A        B        C        D        E       F      G
               +--------+--------+--------+--------+--------+-----+--------+
         Total |   2006 |   1966 |     40 |    477 |    484 |   4 |  501.5 |
       Dungeon |   2006 |   1966 |     40 |    477 |    484 |   4 |  501.5 |
               +--------+--------+--------+--------+--------+-----+--------+

Top non-repeatable levels by time:
     D:3: 754 daAuts
     D:2: 682 daAuts
     D:1: 544 daAuts
     D:4: 24 daAuts
